Match 44133840
Unlisted

Match 44133840
End
Vickers Machine Gun Team
Construct Section Command Post
Selects Indian Artillery Battlegroup
ML 3-inch Mortar Team
Infantry Section
Infantry Section
Construct Platoon Command Post
Selects Towed ML 4.2-inch Heavy Mortar
6-pounder Anti-tank Gun Team
Towed ML 4.2-inch Heavy Mortar
Humber Armored Car
Selects Valour
Selects Gurkha Rifles Section
Infantry Training
Royal Engineer Section
6-pounder Anti-tank Gun Team
Selects Off-map Airburst Barrage
Off-map Airburst Barrage
Gurkha Rifles Section
Gurkha Rifles Section
tkech
ohuyaa
patric
bn119
TrusTable
Bugs
Soresu
vincent
0
0

Comments sign in to comment!

No comments posted yet!